 Dungeon Crawl Stone Soup version 0.15-a0-198-g2f4809b (webtiles) character file.

102 PolkaDot the Caller (level 3, 0/26 HPs)
             Began as a Vampire Summoner on Apr 23, 2014.
             Killed from afar by Sigmund (8 damage)
             ... with a wand of frost
             ... on Level 2 of the Dungeon.
             The game lasted 00:03:23 (1151 turns).

PolkaDot the Caller (Vampire Summoner)              Turns: 1151, Time: 00:03:23

HP   0/26        AC  2     Str  7      XL: 3   Next: 21%
MP   3/6         EV 12     Int 18      God:
Gold 65          SH  0     Dex 14      Spells:  1 memorised,  5 levels left

rFire  . . .     SeeInvis +     f - +0 hand axe
rCold  . . .     Clarity  .     a - +0 robe
rNeg   . . .     Conserve .     (no shield)
rPois  .         rCorr    .     (no helmet)
rElec  .         rRot     .     (no cloak)
SustAb . .       Spirit   .     (no gloves)
rMut   .         Warding  .     (no boots)
Saprov . . .     Stasis   .     (no amulet)
MR     .....                    (no ring)
                                (no ring)

@: regenerating quickly, confused, not resistant to hostile enchantments,
unstealthy
A: fangs 3, see invisible, unbreathing
a: no special abilities


You were on level 2 of the Dungeon.
You were very full.

You visited 1 branch of the dungeon, and saw 2 of its levels.

You collected 65 gold pieces.

Inventory:

Hand weapons
 f - a +0,+0 hand axe (weapon)
Armour
 a - a +0 robe (worn)
Scrolls
 e - a scroll of amnesia {unknown}
 g - a scroll of identify {unknown}
 h - a scroll of enchant weapon II {unknown}
 i - a scroll of fear {unknown}
 j - 3 scrolls of teleportation {unknown}
Books
 b - a book of Callings

   Spells                             Type                      Level
   *Summon Small Mammal               Summoning                    1
   Call Imp                           Summoning                    2
   Call Canine Familiar               Summoning                    3
   Summon Guardian Golem              Hexes/Summoning              4
   Summon Lightning Spire             Summoning/Air                4
   Summon Ice Beast                   Ice/Summoning                4


   Skills:
 + Level 1.0 Fighting
 - Level 2.1 Dodging
 - Level 3.0 Stealth
 - Level 2.0 Spellcasting
 * Level 4.8 Summonings


You had 5 spell levels left.
You knew the following spells:

 Your Spells              Type           Power        Failure   Level  Hunger
a - Summon Small Mammal   Summ           ###.         2%          1    #......


Dungeon Overview and Level Annotations

Branches:
Dungeon (2/15)

Altars:

Annotations:
D:2 Sigmund


Innate Abilities, Weirdness & Mutations

Your natural rate of healing is unusually fast.
You have razor-sharp teeth.*
You have supernaturally acute eyesight.
You can survive without breathing.*


Message History

Confirm with . or Enter, or press ? or * to list all spells.
Your rat barely misses Sigmund.
Sigmund casts a spell at you.
You are confused.
Are you sure you want to stumble around while confused and next to your rat?
Okay, then.
You swing at nothing.
Your rat closely misses Sigmund.
Sigmund barely misses you.
Your rat barely misses Sigmund.
You hit Sigmund but do no damage. Sigmund gestures at you while chanting.
You resist.
Your rat misses Sigmund.
You swing at nothing.
Sigmund zaps a wand.
The puff of frost hits you!
Your rat bites Sigmund.
You swing at nothing.
Sigmund zaps a wand.
The puff of frost misses you.
Your rat bites Sigmund but does no damage.
Sigmund zaps a wand.
The puff of frost hits you!
Your rat bites Sigmund.
You barely miss Sigmund. You bite Sigmund, but do no damage.
Sigmund is lightly wounded.
Sigmund zaps a wand.
The puff of frost hits you!
You die...

#### #.## #.(.. #.# # #.#
#.# # #.# # ##.##### #
#).....##### .
########.....r....##...>.
%...............@r.......
#################@##.....
# .# . # ?# # .. # .. ..#
.## #


You could see Sigmund (invisible), a friendly quokka and a friendly rat.

Vanquished Creatures
  A giant mite (D:1)
  3 hobgoblins
  3 kobolds
  3 bats
  A giant newt (D:2)
  6 goblins
  3 jackals (D:1)
  4 rats
24 creatures vanquished.

Vanquished Creatures (collateral kills)
  A worm (D:2)
  A giant gecko (D:1)
  A rat (D:1)
3 creatures vanquished.

Vanquished Creatures (others)
  2 quokkas (D:2)
  2 rats
4 creatures vanquished.

Grand Total: 31 creatures vanquished

Notes
Turn   | Place    | Note
--------------------------------------------------------------
     0 | D:1      | PolkaDot, the Vampire Summoner, began the quest for the Orb.
     0 | D:1      | Reached XP level 1. HP: 13/13 MP: 3/3
   269 | D:1      | Reached XP level 2. HP: 19/19 MP: 4/4
   714 | D:1      | Reached skill level 1 in Fighting
   885 | D:2      | Reached XP level 3. HP: 26/26 MP: 4/6
  1134 | D:2      | Noticed Sigmund
  1151 | D:2      | Killed from afar by Sigmund

Action                   || total
-------------------------++-------
Melee: Hand axe          ||    70
       Unarmed           ||     2
 Cast: Summon Small Mamm ||    10
  Use: Potion            ||     4
 Stab: Sleeping          ||     3
